 Dungeon Crawl Stone Soup version 0.18.1-48-g4cf74bf (webtiles) character file.

384507 Peloso the Hoplite (level 21, -10/200 HPs)
             Began as a Minotaur Fighter on Sept 1, 2016.
             Was a High Priest of Okawaru.
             Mangled by an ettin
             ... wielding a +0 dire flail
              (36 damage)
             ... on level 5 of the Vaults on Sept 2, 2016.
             The game lasted 03:14:40 (54647 turns).

Peloso the Hoplite (Minotaur Fighter)              Turns: 54647, Time: 03:14:41

Health: -10/200    AC: 43    Str: 29    XL:     21   Next: 62%
Magic:  20/24      EV: 18    Int:  5    God:    Okawaru [*****.]
Gold:   3132       SH:  0    Dex: 23    Spells: 1 memorised, 12 levels left

rFire  + . .     SeeInvis +     Q - +7 demon blade of the Depths {freeze, *Drain +Blink +Fly rPois}
rCold  + . .     Gourm    .     y - +7 gold dragon armour
rNeg   . . .     Faith    +     T - +0 shield {reflect}
rPois  +         Spirit   .     V - +0 hat of the Pure Beds {Str+2 SInv}
rElec  .         Dismiss  .     S - +0 cloak {rPois}
rCorr  .         Reflect  +     c - +0 pair of gloves {Dex+3}
SustAt .         Harm     .     j - +2 pair of boots of the Assassin {DetectMon Stab+ Stlth++}
MR     +....                    Y - amulet of faith
Stlth  ..........               I - +4 ring of protection
                                A - +6 ring of dexterity

@: confused, heroism, finesse, somewhat resistant to hostile enchantments,
extremely unstealthy
A: retaliatory headbutt, horns 2
a: Heroism, Finesse, Renounce Religion, Evoke Blink, Evoke Flight
}: 3/15 runes: decaying, silver, gossamer


You were on level 5 of the Vaults.
You worshipped Okawaru.
Okawaru was extremely pleased with you.
You were very full.

You visited 7 branches of the dungeon, and saw 39 of its levels.

You collected 4042 gold pieces.
You spent 910 gold pieces at shops.

Inventory:

Hand Weapons
 M - a +5 double sword of electrocution
 Q - the +7 demon blade of the Depths (weapon) {freeze, *Drain +Blink +Fly rPois}
   (Okawaru gifted it to you on level 3 of the Swamp)

   It has been specially enchanted to freeze those struck by it, causing extra
   injury to most foes and up to half again as much damage against particularly
   susceptible opponents.
   It can also slow down cold-blooded creatures.
   It protects you from poison.
   It lets you fly.
   It lets you blink.
   It causes draining when unequipped.
 U - the +2 long sword of Okawaru's Reproof {flame, Str+5}
   (Okawaru gifted it to you on level 10 of the Dungeon)

   It has been specially enchanted to burn those struck by it, causing extra
   injury to most foes and up to half again as much damage against particularly
   susceptible opponents.
   Big, fiery blades are also staple armaments of hydra-hunters.
   It affects your strength (+5).
Armour
 c - a +0 pair of gloves of dexterity (worn)
 j - the +2 pair of boots of the Assassin (worn) {DetectMon Stab+ Stlth++}
   (You acquired it on level 2 of the Lair of Beasts)

   It makes you much more stealthy.
 y - a +7 gold dragon armour (worn)
 S - a +0 cloak of poison resistance (worn)
 T - a +0 shield of reflection (worn)
 V - the +0 hat of the Pure Beds (worn) {Str+2 SInv}
   (You acquired it on level 4 of the Swamp)

   It affects your strength (+2).
   It lets you see invisible.
 X - a +0 pair of boots of flying
Jewellery
 b - an uncursed ring of resist corrosion
 t - an uncursed amulet of guardian spirit
 u - an uncursed amulet of the gourmand
 A - a +6 ring of dexterity (left hand)
 I - a +4 ring of protection (right hand)
 Y - an amulet of faith (around neck)
Wands
 z - a wand of digging (8/24)
 F - a wand of heal wounds (3/9)
Scrolls
 e - 4 scrolls of fear
 h - 15 scrolls of remove curse
 i - 5 scrolls of magic mapping
 n - 7 scrolls of teleportation
 p - a scroll of blinking
 C - 8 scrolls of identify
 G - 5 scrolls of recharging
 K - a scroll of silence
Potions
 d - 3 potions of might
 m - 5 potions of haste
 o - 12 potions of curing
 r - 2 potions of invisibility
 x - 2 potions of berserk rage
 B - 4 potions of agility
 L - a potion of resistance
 P - 9 potions of flight
Books
 s - a Necronomicon

   Spells                             Type                      Level
   a - Haunt                          Necromancy/Summoning         7
   b - Borgnjor's Revivification      Necromancy                   8
   c - Death's Door                   Charms/Necromancy            8
   d - Necromutation                  Transmutation/Necromancy     8
Comestibles
 a - a chunk of flesh
 f - 22 bread rations
 g - 20 meat rations
 v - a beef jerky
 D - 2 slices of pizza
 W - 11 royal jellies


   Skills:
 + Level 19.9(24.9) Fighting
 + Level 23.6(27) Long Blades
 + Level 18.4(23.4) Armour
 + Level 9.1(14.1) Dodging
 + Level 2.7(7.7) Stealth
 + Level 23.7(27) Shields
 + Level 5.8 Invocations
 + Level 0.3 Evocations


You had 12 spell levels left.
You knew the following spells:

 Your Spells              Type           Power        Failure   Level  Hunger
a - Necromutation         Trmt/Necr      #.........   100%        8    #######


Dungeon Overview and Level Annotations

Branches:
Dungeon (15/15)            Temple (1/1) D:4            Lair (8/8) D:11
  Swamp (4/4) Lair:3       Spider (4/4) Lair:4        Slime (0/6) Lair:7
    Orc (2/2) D:10            Elf (0/3) Orc:2        Vaults (5/5) D:14
  Crypt (0/3) Vaults:3     Depths (0/5) D:15

Altars:
Ashenzari
Cheibriados
Dithmenos
Elyvilon
Fedhas
Gozag
Kikubaaqudgha
Makhleb
Nemelex Xobeh
Okawaru
Pakellas
Qazlal
Ru
Sif Muna
Trog
Vehumet
Xom
Yredelemnul
Zin
The Shining One
Jiyva

Shops:
D:6 *   Orc:2 :}!?


Innate Abilities, Weirdness & Mutations

You reflexively headbutt those who attack you in melee.
You have a pair of horns on your head.


Message History

The ettin seems to grow stronger.
Unknown command.
You completely miss the ettin. You headbutt the ettin.
The ettin is almost dead.
The ettin hits you with a dire flail!!!
* * * LOW HITPOINT WARNING * * *
The ettin completely misses you. The orc warrior closely misses you.
Things that are here:
4 large rocks; a stone giant corpse Drink which item? (? for menu, Esc to quit)
Okay, then.
Evoke which item? (* to show all) (? for menu, Esc to quit)
Zapping:
F - a wand of heal wounds (4/9)
Press: ? - help, Shift-Dir - straight line, f - you Nothing appears to happen.
This wand has 3 charges left.
The orc warrior hits you but does no damage.
You bump into the heavily etched metal wall.
The ettin hits you with a dire flail!!!
You die...

... ... .. ... ..
... .#
################## .
#.#.#.#.#.#.#...#.
#.#.#.#.#.#(#.#.#.#.
#.#)#{{.#..$#.#.#...
#.o@#{#.#.#$#.#.#.#.
#.#C#)#.).#.#...#.#.
#.#†p{#)#)#)#.#)#.#.
# #.#)#.#.#)..#.#.#.
#.#...#.#(#)#.....
#.#.#.#..(#.#.#.#.
#.#.#.#.#:#.#.#.#.
#.#.#.#.#%..#.# #.
..#.#...#.#.#.. #.


You could see an ettin, an ironbrand convoker and an orc warrior.

Vanquished Creatures
  An ancient lich (Vaults:5)
  Sojobo (Vaults:2)
  Norris (Spider:3)
  4 golden dragons
  Jory (Vaults:4)
  Nikola (Spider:3)
  Jorgrun (Spider:3)
  A tentacled monstrosity (Vaults:3)
  4 titans
  Asterion (Spider:1)
  Frances (D:13)
  Gastronok (D:8)
  An ancient champion (Vaults:3)
  3 sphinxes
  A shadow dragon (Vaults:3)
  2 thorn hunters (Swamp:3)
  A storm dragon (Vaults:5)
  Kirke (Spider:4)
  4 tengu reavers
  3 fire giants
  Roxanne (Spider:4)
  Donald (Spider:3)
  8 vault wardens
  2 frost giants (Vaults:3)
  A deep elf sorcerer (Vaults:5)
  4 ghost moths
  Aizul (Vaults:1)
  8 emperor scorpions
  6 ironheart preservers
  A deep elf elementalist (Vaults:5)
  5 stone giants
  3 very ugly things
  Nessos (D:13)
  Azrael (Spider:1)
  5 deep elf demonologists
  3 spark wasps (Spider:3)
  2 deep elf death magi
  6 ettins
  The ghost of Anicorn the Severer, a journeyman MiBe of Trog (D:10)
  4 great orbs of eyes
  35 vault guards
  4 deep elf high priests
  A rakshasa (Vaults:2)
  6 ogre magi
  3 entropy weavers
  14 yaktaur captains
  A great orb of eyes (shapeshifter) (Vaults:5)
  An ice dragon (Vaults:1)
  2 ghost crabs
  32 hydras
  11 centaur warriors
  An alligator (shapeshifter) (Vaults:2)
  A death knight (Vaults:4)
  A tengu warrior (D:13)
  4 alligators
  A queen ant (Spider:4)
  3 orc high priests (Orc:2)
  11 deep elf knights
  Sonja (D:13)
  A skeletal warrior (Vaults:3)
  3 shadow wraiths (Vaults:4)
  15 wizards
  A small abomination (Vaults:5)
  A fire crab (Vaults:3)
  An unseen horror (D:10)
  3 shambling mangroves
  12 swamp dragons
  5 deep trolls
  A flayed ghost (Vaults:4)
  A swamp dragon (shapeshifter) (Vaults:5)
  A hill giant (shapeshifter) (Vaults:5)
  6 deep elf archers
  2 phantasmal warriors
  10 hill giants
  16 ironbrand convokers
  Pikel (D:7)
  8 harpies
  A necromancer (Vaults:2)
  16 orc knights
  16 orb spiders
  32 wolf spiders
  23 deep elf magi
  42 ugly things
  A hornet (shapeshifter) (Vaults:1)
  6 griffons
  3 moths of wrath
  2 cyclopes
  9 orc sorcerers
  10 hornets
  2 black mambas
  3 elephants (Lair:3)
  8 vault sentinels
  2 gargoyles
  19 spiny frogs
  A torpor snail (Spider:4)
  7 rime drakes
  3 freezing wraiths
  2 yaktaur zombies (Vaults:2)
  11 demonic crawlers
  6 komodo dragons
  A kobold demonologist (D:10)
  19 yaktaurs
  2 tengu conjurers
  8 polar bears
  A queen bee (Lair:1)
  3 spriggan druids
  7 giant leeches
  31 jumping spiders
  6 two-headed ogres (Vaults:3)
  5 trolls
  13 blink frogs
  A shadow dragon simulacrum (Vaults:3)
  A merfolk (D:10)
  Prince Ribbit (D:7)
  A harpy skeleton (D:14)
  3 boulder beetles
  11 bog bodies
  27 slime creatures
  A water elemental (D:15)
  A vampire (D:13)
  24 spriggans
  A human (shapeshifter) (Vaults:3)
  10 shadows
  9 wyverns
  80 redbacks
  A human (D:14)
  28 tarantellas
  46 yaks
  A wraith (Vaults:4)
  3 fire elementals (Spider:2)
  3 hogs (Spider:4)
  41 vampire mosquitoes
  8 basilisks
  2 hungry ghosts
  16 hippogriffs
  A golden eye (shapeshifter) (Vaults:3)
  14 insubstantial wisps
  4 mottled dragons
  11 soldier ants
  A soldier ant (shapeshifter) (Vaults:3)
  2 wargs (Orc:2)
  5 hell hounds
  21 swamp worms
  15 water moccasins
  12 porcupines
  5 sky beasts
  9 swamp drakes
  A slave (D:7)
  10 ice beasts
  39 orc warriors
  An eye of draining (D:14)
  11 black bears
  22 wasps
  5 boggarts (Vaults:1)
  30 ogres
  2 phantoms
  48 wolves
  A boggart (shapeshifter) (Vaults:3)
  16 centaurs
  11 crocodiles
  A big kobold (D:9)
  31 giant frogs
  A wyvern zombie (D:7)
  A gnoll sergeant (D:5)
  A human skeleton (Vaults:2)
  A wyvern skeleton (D:12)
  5 scorpions
  3 human simulacra
  33 killer bees
  7 electric eels
  15 wights
  5 howler monkeys
  7 crimson imps
  A giant frog zombie (D:12)
  4 centaur zombies
  5 jellies
  5 hounds
  21 orc priests
  A quasit (D:10)
  A wasp zombie (D:6)
  3 centaur skeletons
  35 worker ants
  12 iguanas
  26 orc wizards
  A statue (D:9)
  13 sheep
  A hound zombie (D:5)
  A hound skeleton (D:9)
  2 worker ant zombies
  4 gnolls (D:7)
  A howler monkey zombie (D:5)
  11 adders
  A howler monkey skeleton (D:9)
  82 river rats
  2 oozes
  An adder skeleton (D:4)
  3 adder zombies
  3 worms
  5 dart slugs
  7 giant geckos
  105 orcs
  4 ball pythons
  5 bats
  3 giant cockroaches
  5 goblins
  3 hobgoblins
  11 jackals
  8 kobolds
  5 quokkas
  2 giant gecko skeletons
  6 giant newts
  A jackal zombie (D:6)
  A quokka skeleton (D:4)
  19 rats
  2 briar patches (Swamp:3)
  2 plants (Lair:7)
1802 creatures vanquished.

Vanquished Creatures (others)
  The ghost of dricus the Bludgeoner, an adept GrBe of Trog (Spider:2)
  An ironheart preserver (Vaults:4)
  A yaktaur captain (Vaults:2)
  3 deep elf archers
  A phantasmal warrior (Vaults:5)
  3 yaktaurs
  2 jumping spiders
  2 humans (Spider:4)
  A slave (D:7)
  An orc warrior (Vaults:3)
  A wight (D:7)
  A hound (D:7)
  An orc (Vaults:4)
  A quokka (D:15)
  6 fungi
  2 plants (Lair:7)
  A withered plant (Swamp:3)
29 creatures vanquished.

Grand Total: 1831 creatures vanquished

Notes
Turn   | Place    | Note
--------------------------------------------------------------
     0 | D:1      | Peloso the Minotaur Fighter began the quest for the Orb.
     0 | D:1      | Reached XP level 1. HP: 19/19 MP: 0/0
    46 | D:1      | Reached XP level 2. HP: 24/27 MP: 1/1
   969 | D:2      | Noticed a moth of wrath
   971 | D:2      | Found a bloodstained altar of Trog.
   979 | D:2      | Reached XP level 3. HP: 33/33 MP: 2/2
  1511 | D:2      | Found a white marble altar of Elyvilon.
  1572 | D:2      | Found a basalt altar of Yredelemnul.
  1688 | D:2      | Reached XP level 4. HP: 40/40 MP: 3/3
  2601 | D:4      | Noticed an angel
  2624 | D:4      | Found a staircase to the Ecumenical Temple.
  2636 | Temple   | Entered the Ecumenical Temple
  2685 | Temple   | Became a worshipper of Warmaster Okawaru
  2767 | D:4      | Noticed a rust devil
  2840 | D:4      | Reached XP level 5. HP: 46/46 MP: 4/4
  3004 | D:4      | Found a snail-covered altar of Cheibriados.
  3102 | D:4      | Found a shattered altar of Ashenzari.
  3103 | D:4      | Found a sacrificial altar of Ru.
  3362 | D:4      | Reached skill level 5 in Armour
  3362 | D:4      | Reached skill level 5 in Shields
  3398 | D:5      | Entered Level 5 of the Dungeon
  3405 | D:5      | Reached XP level 6. HP: 50/53 MP: 5/5
  3433 | D:5      | Reached skill level 1 in Dodging
  3454 | D:5      | Reached * piety under Okawaru
  3467 | D:5      | Reached skill level 5 in Long Blades
  3467 | D:5      | Reached XP level 7. HP: 55/60 MP: 6/6
  3585 | D:5      | Found an opulent altar of Gozag.
  3613 | D:5      | Found an oddly glowing altar of Pakellas.
  3712 | D:5      | Reached skill level 5 in Fighting
  3721 | D:5      | Found a glowing golden altar of the Shining One.
  4097 | D:5      | Noticed a yak
  4108 | D:5      | Reached ** piety under Okawaru
  4114 | D:5      | Reached XP level 8. HP: 55/69 MP: 5/7
  5098 | D:6      | Found an opulent altar of Gozag.
  5117 | D:6      | Found Iqony's General Store.
  5124 | D:6      | Bought a scroll of identify for 24 gold pieces
  5124 | D:6      | Bought a scroll of enchant weapon for 90 gold pieces
  5124 | D:6      | Bought a scroll of teleportation for 36 gold pieces
  5254 | D:6      | Found a shimmering altar of Xom.
  5448 | D:7      | Noticed Prince Ribbit
  5459 | D:7      | Killed Prince Ribbit
  5501 | D:7      | Reached XP level 9. HP: 49/78 MP: 8/8
  5880 | D:7      | Reached *** piety under Okawaru
  6012 | D:7      | Noticed Pikel
  6027 | D:7      | Killed Pikel
  6331 | D:7      | Reached skill level 10 in Shields
  6470 | D:7      | Reached skill level 1 in Invocations
  6656 | D:7      | Found a deep blue altar of Sif Muna.
  7247 | D:8      | Found a shadowy altar of Dithmenos.
  7345 | D:8      | Found an ancient bone altar of Kikubaaqudgha.
  7345 | D:8      | Found a blossoming altar of Fedhas.
  7441 | D:8      | Reached XP level 10. HP: 73/90 MP: 6/9
  7470 | D:8      | Reached **** piety under Okawaru
  7566 | D:8      | Noticed a green ugly thing
  7567 | D:8      | Noticed Gastronok
  8546 | D:8      | Killed Gastronok
  8546 | D:8      | Reached ***** piety under Okawaru
  8546 | D:8      | Reached skill level 10 in Armour
  8546 | D:8      | Reached skill level 1 in Stealth
  8615 | D:8      | Received a gift from Okawaru
  8855 | D:8      | Killed a green ugly thing
  8922 | D:9      | Found a radiant altar of Vehumet.
  9193 | D:9      | Reached XP level 11. HP: 97/97 MP: 11/11
  9465 | D:9      | Found a sparkling altar of Nemelex Xobeh.
  9570 | D:10     | Entered Level 10 of the Dungeon
  9718 | D:10     | HP: 4/97 [something (7)]
  9746 | D:10     | HP: 4/97 [something (8)]
  9760 | D:10     | Killed an unseen horror
  9769 | D:10     | Noticed Anicorn's ghost (journeyman MiBe)
 10470 | D:10     | Killed Anicorn's ghost
 10691 | D:10     | Found a sacrificial altar of Ru.
 10831 | D:10     | Noticed a hill giant
 10835 | D:10     | Found a staircase to the Orcish Mines.
 10851 | D:10     | Killed a hill giant
 10914 | D:10     | Reached skill level 10 in Long Blades
 11080 | D:10     | Noticed a hill giant
 11090 | D:10     | Killed a hill giant
 11090 | D:10     | Reached skill level 10 in Fighting
 11097 | D:10     | Noticed a deep elf mage
 11097 | D:10     | Noticed a hill giant
 11115 | D:10     | Received a gift from Okawaru
 11123 | D:10     | Killed a hill giant
 11137 | D:10     | Killed a deep elf mage
 11148 | D:10     | Got a twisted long sword {god gift}
 11149 | D:10     | Identified the +2 long sword of Okawaru's Reproof {flame, Str+5} (Okawaru gifted it to you on level 10 of the Dungeon)
 11811 | D:11     | Noticed a red ugly thing
 11839 | D:11     | Killed a red ugly thing
 11839 | D:11     | Reached XP level 12. HP: 81/106 MP: 10/12
 11845 | D:11     | Found a staircase to the Lair.
 12284 | D:11     | You fall through a shaft for 2 floors!
 12284 | D:13     | Noticed a centaur warrior
 12296 | D:13     | Noticed a seven-headed hydra
 12310 | D:13     | Killed a one-headed hydra
 12970 | D:12     | Reached ****** piety under Okawaru
 13059 | D:12     | Received a gift from Okawaru
 13068 | D:12     | Got a scorched triple sword {god gift}
 13097 | D:12     | Identified the +1 triple sword of the Hall of Blades {freeze, +Blink rPois MR+} (Okawaru gifted it to you on level 12 of the Dungeon)
 14709 | D:12     | Paralysed by a wizard for 7 turns
 14734 | D:12     | Received a gift from Okawaru
 14834 | D:12     | Reached XP level 13. HP: 111/116 MP: 13/13
 15041 | Lair:1   | Entered Level 1 of the Lair of Beasts
 16096 | Lair:1   | Reached skill level 5 in Dodging
 16645 | Lair:2   | Identified a scroll of acquirement
 17101 | Lair:3   | Received a gift from Okawaru
 17376 | Lair:3   | Found a staircase to the Swamp.
 19117 | Lair:4   | Found a hole to the Spider Nest.
 19129 | Lair:4   | Received a gift from Okawaru
 19758 | Lair:4   | Got a pair of faintly glowing gloves
 19769 | Lair:4   | Identified the +4 pair of gloves of Exclusion {rPois rF+ Dex-3} (You acquired it on level 4 of the Lair of Beasts)
 20046 | D:12     | Reached skill level 15 in Shields
 20634 | Lair:5   | Reached XP level 14. HP: 108/127 MP: 14/14
 21515 | Lair:6   | Received a gift from Okawaru
 21805 | Lair:7   | Found a staircase to the Slime Pits.
 21806 | Lair:7   | Found a viscous altar of Jiyva.
 22340 | Lair:7   | Received a gift from Okawaru
 22366 | Lair:7   | Reached skill level 15 in Long Blades
 22526 | Lair:7   | Found an iron altar of Okawaru.
 22667 | Lair:8   | Entered Level 8 of the Lair of Beasts
 22942 | Lair:8   | Received a gift from Okawaru
 23164 | Lair:8   | Reached skill level 15 in Armour
 23656 | Lair:8   | Reached XP level 15. HP: 93/137 MP: 12/15
 24290 | D:13     | Noticed Nessos
 24329 | D:13     | Killed Nessos
 24381 | D:13     | Got a shimmering flail
 24485 | D:13     | Noticed Frances
 24487 | D:13     | Noticed Sonja
 24512 | D:13     | Killed Frances
 24534 | D:13     | Killed Sonja
 24793 | D:13     | Received a gift from Okawaru
 25611 | D:14     | Found a gate to the Vaults.
 26033 | D:15     | Entered Level 15 of the Dungeon
 26135 | D:15     | Found a staircase to the Depths.
 26135 | D:15     | Noticed a fire giant
 26202 | D:15     | Killed a fire giant
 26202 | D:15     | Received a gift from Okawaru
 26350 | D:15     | Found a white marble altar of Elyvilon.
 27016 | Orc:1    | Entered Level 1 of the Orcish Mines
 27250 | Orc:2    | Entered Level 2 of the Orcish Mines
 27382 | Orc:2    | Found a burning altar of Makhleb.
 28112 | Orc:2    | Received a gift from Okawaru
 28115 | Orc:2    | Got a brightly glowing triple sword {god gift}
 28117 | Orc:2    | Found Tosenete's Book Shop.
 28117 | Orc:2    | Found Eggude's Gadget Shoppe.
 28119 | Orc:2    | Found Sumnilomn's Distillery.
 28119 | Orc:2    | Found Quutu's Magic Scroll Shoppe.
 28141 | Orc:2    | Bought a scroll of brand weapon for 340 gold pieces
 28142 | Orc:2    | Bought a potion of cure mutation for 350 gold pieces
 28142 | Orc:2    | Bought a potion of heal wounds for 70 gold pieces
 28255 | Orc:2    | Found a staircase to the Elven Halls.
 28617 | Orc:2    | Identified the +11 triple sword of Tafid {slice, rN+ Int+3} (Okawaru gifted it to you on level 2 of the Orcish Mines)
 29298 | Spider:1 | Entered Level 1 of the Spider Nest
 29298 | Spider:1 | Noticed Asterion
 29308 | Lair:4   | Reached XP level 16. HP: 141/147 MP: 16/16
 29337 | Spider:1 | Killed Asterion
 30365 | Spider:1 | Reached skill level 15 in Fighting
 30561 | Spider:2 | Received a gift from Okawaru
 30678 | Spider:2 | Noticed Azrael
 30991 | Spider:1 | Killed Azrael
 31110 | Spider:2 | Noticed dricus's ghost (adept GrBe)
 31152 | Spider:2 | Killed dricus's ghost
 31497 | Spider:2 | Got an ancient dagger
 32422 | Spider:3 | Noticed Norris
 32443 | Spider:3 | Paralysed by something for 7 turns
 32458 | Spider:3 | Paralysed by something for 2 turns
 32903 | Spider:3 | Received a gift from Okawaru
 33064 | Spider:3 | Paralysed by something for 3 turns
 33088 | Spider:3 | Killed Norris
 33410 | Spider:3 | Noticed Nikola
 33433 | Spider:3 | Killed Nikola
 33597 | Spider:4 | Entered Level 4 of the Spider Nest
 33627 | Spider:4 | Received a gift from Okawaru
 33643 | Spider:4 | Reached XP level 17. HP: 19/157 MP: 18/18
 34465 | Spider:4 | Noticed Donald
 34469 | Spider:4 | Noticed Jorgrun
 34691 | Spider:3 | Killed Donald
 34696 | Spider:3 | Killed Jorgrun
 35185 | Spider:4 | Noticed Kirke
 35221 | Spider:4 | Killed Kirke
 35259 | Spider:4 | Noticed Roxanne
 35322 | Spider:4 | Received a gift from Okawaru
 36236 | Spider:4 | Killed Roxanne
 36238 | Spider:4 | Identified Roxanne's Catalogue of Stones (You took it off Roxanne on level 4 of the Spider Nest)
 36513 | Spider:4 | Got a gossamer rune of Zot
 37043 | Swamp:1  | Entered Level 1 of the Swamp
 38283 | Swamp:2  | Reached XP level 18. HP: 154/168 MP: 16/19
 39308 | Swamp:3  | Received a gift from Okawaru
 39337 | Swamp:3  | Got a shimmering demon blade {god gift}
 39338 | Swamp:3  | Identified the +7 demon blade of the Depths {freeze, *Drain +Blink +Fly rPois} (Okawaru gifted it to you on level 3 of the Swamp)
 39871 | Swamp:4  | Entered Level 4 of the Swamp
 40710 | Swamp:4  | Got a decaying rune of Zot
 40897 | Swamp:4  | Got a crude hat
 40908 | Swamp:4  | Identified the +0 hat of the Pure Beds {Str+2 SInv} (You acquired it on level 4 of the Swamp)
 41579 | Lair:4   | Learned a level 8 spell: Necromutation
 41732 | Vaults:1 | Entered Level 1 of the Vaults
 41800 | Vaults:1 | Received a gift from Okawaru
 43271 | Vaults:1 | Reached XP level 19. HP: 161/179 MP: 20/20
 43391 | Vaults:1 | Noticed Aizul
 43406 | Vaults:1 | Killed Aizul
 43439 | Vaults:1 | Paralysed by an ogre mage for 3 turns
 44480 | Vaults:2 | Received a gift from Okawaru
 44894 | Vaults:2 | Noticed Sojobo
 44943 | Vaults:2 | Killed Sojobo
 45403 | Vaults:3 | Found a staircase to the Crypt.
 46009 | Vaults:3 | Received a gift from Okawaru
 47574 | Vaults:3 | Reached XP level 20. HP: 189/189 MP: 21/21
 47870 | Vaults:4 | Noticed a Tzitzimitl
 48168 | Vaults:4 | Received a gift from Okawaru
 48173 | Vaults:4 | Got a fine large shield {god gift}
 48532 | Vaults:4 | Identified the +3 large shield of the Blue Skies {rF- Str+3 Dex+4} (Okawaru gifted it to you on level 4 of the Vaults)
 49833 | Vaults:4 | Noticed Jory
 49845 | Vaults:4 | Killed Jory
 50297 | Vaults:5 | Entered Level 5 of the Vaults
 50601 | Vaults:5 | Noticed a Tzitzimitl
 51006 | Vaults:5 | Noticed a Tzitzimitl
 51008 | Vaults:5 | Noticed a golden dragon
 51009 | Vaults:5 | Noticed a golden dragon
 51228 | Vaults:4 | Received a gift from Okawaru
 51434 | Vaults:4 | Killed a golden dragon
 51500 | Vaults:5 | Noticed a golden dragon
 51513 | Vaults:4 | Killed a golden dragon
 51711 | Vaults:5 | Reached XP level 21. HP: 177/199 MP: 16/23
 52402 | Vaults:5 | Killed a golden dragon
 52402 | Vaults:5 | Reached skill level 5 in Invocations
 53418 | Vaults:5 | Noticed an ancient lich
 53430 | Vaults:5 | Killed an ancient lich
 53482 | Vaults:5 | Received a gift from Okawaru
 53878 | Vaults:5 | Got a silver rune of Zot
 53882 | Vaults:5 | Noticed a golden dragon
 53892 | Vaults:5 | Killed a golden dragon
 53895 | Vaults:5 | Got a fine chain mail
 54162 | Lair:4   | Got a brightly glowing shield
 54173 | Lair:4   | Identified the +0 shield of Catatonia {rPois Regen+ MP+9 Int-4} (You acquired it on level 4 of the Lair of Beasts)
 54205 | Lair:4   | Identified the cursed +0 chain mail of the Iron City of Dis {rPois rC+ Dex+2} (You found it on level 5 of the Vaults)
 54538 | Vaults:5 | Paralysed by a great orb of eyes for 7 turns
 54647 | Vaults:5 | Mangled by an ettin

Skill      XL: |  1  2  3  4  5  6  7  8  9 10 11 12 13 14 15 16 17 18 19 20 21 |
---------------+----------------------------------------------------------------+-----
Shields        | 4 5 6 7 9 10 12 13 14 15 16 18 19 20 21 22 23 | 23.7
Armour         | 4 5 6 7 9 10 11 12 14 15 16 17 18 | 18.4
Fighting       | 4 5 6 8 9 10 11 12 13 14 15 16 17 18 19 | 19.9
Long Blades    | 3 4 5 6 8 9 10 12 14 15 17 18 19 20 21 23 | 23.6
Dodging        | 1 2 4 5 6 7 8 9 |  9.1
Invocations    | 1 2 3 4 5 |  5.8
Stealth        | 1 2 |  2.7
Evocations     | |  0.3

Action                   |  1- 3 |  4- 6 |  7- 9 | 10-12 | 13-15 | 16-18 | 19-21 || total
-------------------------+-------+-------+-------+-------+-------+-------+-------++-------
Melee: Long sword        |   114 |   126 |   354 |   243 |  1668 |   676 |       ||  3181
       Headbutt          |    15 |    30 |   107 |   236 |   556 |   597 |   487 ||  2028
       Falchion          |       |       |       |   400 |       |       |       ||   400
       Triple sword      |       |       |       |    94 |    43 |       |       ||   137
       Demon blade       |       |       |       |       |    97 |   277 |  1274 ||  1648
       Double sword      |       |       |       |       |    16 |   971 |       ||   987
Invok: Heroism           |       |       |     5 |     9 |     8 |    19 |    18 ||    59
       Finesse           |       |       |       |     1 |       |     5 |    13 ||    19
 Abil: Evoke Blink       |       |       |       |       |       |       |     1 ||     1
Evoke: Wand              |       |       |       |       |     3 |       |     1 ||     4
  Use: Scroll            |       |       |     5 |     6 |    27 |    16 |    13 ||    67
       Potion            |       |       |     1 |     5 |     1 |    12 |     2 ||    21
 Stab: Distracted        |       |       |       |       |       |       |     1 ||     1
  Eat: Chunk             |     3 |     4 |    13 |    21 |    47 |    42 |    39 ||   169
       Beef jerky        |       |     1 |       |     1 |       |     5 |       ||     7
       Royal jelly       |       |       |       |     1 |       |       |       ||     1
       Fruit             |       |       |       |     1 |     2 |     6 |       ||     9
       Pizza             |       |       |       |       |       |     7 |       ||     7
Armor: Scale mail        |    18 |       |       |       |       |       |       ||    18
       Chain mail        |    39 |     5 |       |       |       |       |       ||    44
       Plate armour      |       |    70 |   189 |   481 |   973 |  1083 |   312 ||  3108
       Gold dragon armou |       |       |       |       |       |       |    32 ||    32
Dodge: Dodged            |    27 |    22 |    75 |   229 |   715 |   884 |   364 ||  2316
Block: Shield            |    56 |    64 |   220 |   453 |  1230 |  1761 |   828 ||  4612
       Reflection        |       |       |       |       |       |    14 |    75 ||    89
       Large shield      |       |       |       |       |       |       |   123 ||   123
